 Dungeon Crawl Stone Soup version 0.14-a0-2100-g3cf34dd (console) character file.

188 LiamsII the Magician (level 4, -2/24 HPs)
             Began as a Deep Elf Conjurer on Jan 26, 2014.
             Killed by divine providence
             ... invoked by an orc priest
              (14 damage)
             ... on Level 3 of the Dungeon.
             The game lasted 00:04:20 (1772 turns).

LiamsII the Magician (Deep Elf Conjurer)            Turns: 1772, Time: 00:04:20

HP  -2/24        AC  5     Str 11      XL: 4   Next: 53%
MP   9/17        EV 13     Int 20      God:
Gold 83          SH  0     Dex 15      Spells:  3 memorised,  7 levels left

rFire  . . .     SeeInvis .     (no weapon)
rCold  . . .     Clarity  .     a - +0 elf robe
rNeg   . . .     Conserve .     (no shield)
rPois  .         rCorr    .     (no helmet)
rElec  .         rRot     .     f - +2 elf cloak
SustAb . .       Spirit   .     (no gloves)
rMut   .         Warding  .     (no boots)
Saprov . . .     Stasis   .     (no amulet)
MR     .....                    (no ring)
                                (no ring)

@: mighty, very slightly contaminated, hasted, very quick, not resistant to
hostile enchantments, stealthy
A: no striking features
a: no special abilities


You were on level 3 of the Dungeon.
You were very hungry.

You visited 1 branch of the dungeon, and saw 3 of its levels.

You collected 83 gold pieces.

Inventory:

Armour
 a - a +0 elven robe (worn)
 f - a +2 elven cloak (worn)
Magical devices
 t - a wand of lightning (7) {unknown}
Comestibles
 b - a bread ration
 d - a meat ration
 q - a cheese
Scrolls
 h - 5 scrolls of identify {unknown}
 i - a scroll of magic mapping {unknown}
 k - 2 scrolls of remove curse {unknown}
 n - a scroll of curse weapon {unknown}
 o - 3 scrolls of teleportation {unknown}
 r - a scroll of blinking {unknown}
Jewellery
 e - an uncursed ring of fire
Potions
 g - a potion of speed
 j - a potion of degeneration {unknown}
 l - a potion of resistance {unknown}
 m - 2 potions of might
 p - a potion of poison {unknown}
 s - a potion of curing {unknown}
Books
 c - a book of Conjurations

   Spells                             Type                      Level
   *Magic Dart                        Conjuration                  1
   *Searing Ray                       Conjuration                  2
   Dazzling Spray                     Conjuration/Hexes            3
   Iskenderun's Mystic Blast          Conjuration                  4
   *Iskenderun's Battlesphere         Conjuration/Charms           4
   Fulminant Prism                    Conjuration/Hexes            5


   Skills:
 - Level 2.4 Dodging
 - Level 2.4 Stealth
 * Level 5.7 Spellcasting
 + Level 5.1 Conjurations


You had 7 spell levels left.
You knew the following spells:

 Your Spells              Type           Power        Failure   Level  Hunger
a - Magic Dart            Conj           ####         1%          1    None
b - Searing Ray           Conj           ####..       1%          2    None
c - Iskenderun's Battles  Conj/Chrm      ###.....     45%         4    ####...


Dungeon Overview and Level Annotations

Branches:
Dungeon (3/16)

Altars:


Message History

Press: ? - help, Shift-Dir - straight line, f/p - orc priest
Aim: an orc priest wearing an orcish leather armour (almost dead)
The magic dart hits the orc priest.
You kill the orc priest!
Your Conjurations skill increases to level 5!
Your battlesphere fires!
Casting: Magic Dart
Confirm with . or Enter, or press ? or * to list all spells.
Aiming: Magic Dart
Press: ? - help, Shift-Dir - straight line, f - kobold
Aim: a kobold The magic dart hits the kobold.
You kill the kobold!
Your battlesphere fires!
Your battlesphere expends the last of its energy and dissipates.
An orc priest comes into view. It is wielding an orcish short sword.
The orc priest mumbles some strange prayers to Beogh against you.
Something smites you!
Ouch! That really hurt!
You die...

.)#...... #.#.........
.........# #.#..........
.........###.#...........
###.#........#...........
.#......###........##.
.........o..o...........
...#.......o.###)........
. #....#.....#..ยง.......
......#####([@..........
.........#.............
..............#.....#
........%..........#..
.....................
........#...<....#
.#.....#...#....#
#.........+....#
...###.....#....#


You could see an orc priest and an orc (wandering).

Vanquished Creatures
  An orc priest (D:3)
  2 adders (D:2)
  2 orcs (D:3)
  5 bats
  4 giant cockroaches
  8 hobgoblins
  3 jackals (D:1)
  8 kobolds
  A quokka (D:2)
  A ball python (D:1)
  A giant gecko (D:1)
  3 giant newts
  5 goblins
  A rat (D:1)
45 creatures vanquished.

Notes
Turn   | Place    | Note
--------------------------------------------------------------
     0 | D:1      | LiamsII, the Deep Elf Conjurer, began the quest for the Orb.
     0 | D:1      | Reached XP level 1. HP: 10/10 MP: 5/5
   353 | D:1      | Reached XP level 2. HP: 15/15 MP: 1/8
   411 | D:1      | Learned a level 2 spell: Searing Ray
  1140 | D:2      | Reached XP level 3. HP: 19/19 MP: 6/12
  1332 | D:2      | Reached skill level 5 in Spellcasting
  1748 | D:3      | Reached XP level 4. HP: 24/24 MP: 14/17
  1754 | D:3      | Learned a level 4 spell: Iskenderun's Battlesphere
  1770 | D:3      | Reached skill level 5 in Conjurations
  1772 | D:3      | Killed from afar by an orc priest

Action                   |  1- 3 |  4- 6 || total
-------------------------+-------+-------++-------
Melee: Unarmed           |     1 |       ||     1
 Cast: Magic Dart        |    62 |     5 ||    67
       Searing Ray       |     7 |       ||     7
       Iskenderun's Batt |       |     1 ||     1
  Use: Potion            |       |     2 ||     2
